 Dungeon Crawl Stone Soup version 0.29.1-12-g30fa7ad0bf (webtiles) character file.

Game seed: 18162069133096221113

59 javelincjr the Trooper (level 3, -2/30 HPs)
             Began as a Demonspawn Abyssal Knight on Jan 10, 2023.
             Was a Priest of Lugonu.
             Slain by a hobgoblin (4 damage)
             ... led by Robin
             ... on level 2 of the Dungeon.
             The game lasted 00:05:54 (1808 turns).

javelincjr the Trooper (Demonspawn Abyssal Knight)  Turns: 1808, Time: 00:05:55

Health: -2/30      AC:  6    Str: 14    XL:     3   Next: 78%
Magic:  4/4        EV:  9    Int: 10    God:    Lugonu [***...]
Gold:   54         SH:  0    Dex: 19    Spells: 2/2 levels left

rFire   . . .      SeeInvis .   j - +0 short sword (elec)
rCold   . . .      Faith    .   (no shield)
rNeg    . . .      Spirit   .   n - +0 scale mail
rPois   .          Reflect  .   (helmet restricted)
rElec   .          Harm     .   (no cloak)
rCorr   .          Rampage  .   (no gloves)
Will    .....                   (no boots)
Stlth   +.........              (no amulet)
HPRegen 0.10/turn               (no ring)
MPRegen 0.09/turn               (no ring)

@: no status effects
A: thin skeletal structure 1, horns 1, agile 1
a: Renounce Religion, Depart the Abyss, Bend Space, Banish


You were on level 2 of the Dungeon.
You worshipped Lugonu.
Lugonu was most pleased with you.
You visited 1 branch of the dungeon, and saw 2 of its levels.
You visited the Abyss 1 time.

You collected 54 gold pieces.

Inventory:

Hand Weapons
 a - a +1 spear
 e - a +0 dagger of speed
 j - a +0 short sword of electrocution (weapon)
Armour
 b - a +0 leather armour
 n - a +0 scale mail (worn)
Jewellery
 l - a +6 ring of dexterity
Scrolls
 c - a scroll of enchant weapon {unknown}
 d - 4 scrolls of identify {unknown}
 f - a scroll of noise {unknown}
 h - a scroll of silence {unknown}
 k - a scroll of amnesia {unknown}
Potions
 i - a potion of curing
 m - a potion of cancellation {unknown}


   Skills:
 + Level 3.7 Fighting
 + Level 0.1 Short Blades
 + Level 2.6 Polearms
 + Level 2.1 Armour
 + Level 1.1 Dodging
 + Level 0.3 Stealth
 + Level 2.4 Invocations


You had 2 spell levels left.
You didn't know any spells.
Your spell library contained the following spells:

 Spells                   Type           Power      Damage    Failure   Level
 Passage of Golubria      Tloc           0%         N/A       100%        4
 Freezing Cloud           Conj/Ice/Air   0%         6-21      100%        5
 Silence                  Hex/Air        0%         N/A       100%        5
 Simulacrum               Ice/Necr       0%         N/A       100%        6
 Lehudib's Crystal Spear  Conj/Erth      0%         10d2      100%        8
 Polar Vortex             Ice            0%         N/A       100%        9


Dungeon Overview and Level Annotations

Branches:
Dungeon (2/15)

Altars:

Annotations:
D:2 Robin


Innate Abilities, Weirdness & Mutations

You have a somewhat thin skeletal structure. (Dex +2, Stealth+)
You have a pair of small horns on your head.
You are agile. (Dex +4, Str/Int -1)


Message History

* * * LOW HITPOINT WARNING * * *
You hit the goblin. Lightning courses through the goblin!
You kill the goblin!
Lugonu accepts your kill.
The hobgoblin hits you but does no damage.
Robin roars a battlecry!
You hear a shout!
You hit the hobgoblin.
The hobgoblin is almost dead.
The hobgoblin barely misses you.
You hit the hobgoblin but do no damage.
The hobgoblin is almost dead.
The hobgoblin closely misses you.
You barely miss the hobgoblin.
The hobgoblin is almost dead.
A goblin comes into view. It is wielding a +0 dagger.
The hobgoblin hits you.
* * * LOW HITPOINT WARNING * * *
Robin throws the goblin at you! The hobgoblin barely misses you.
The goblin hits you but does no damage.
Okay, then.
It was a potion of mutation.
You feel extremely strange.
You feel agile. A pair of horns grows on your head!
The goblin barely misses you. The hobgoblin closely misses you.
It was a potion of curing.
You feel better. The goblin hits you but does no damage.
The hobgoblin hits you.
* * * LOW HITPOINT WARNING * * *
You hit the goblin.
You kill the goblin!
Lugonu accepts your kill. The hobgoblin barely misses you.
Robin throws the goblin at you!
You completely miss the goblin. Your headbutt misses the goblin.
The goblin completely misses you. The hobgoblin hits you.
* * * LOW HITPOINT WARNING * * *
You hit the goblin. Your headbutt misses the goblin.
The goblin is moderately wounded.
The goblin hits you but does no damage.
A goblin comes into view. It is wielding a +0 club.
The hobgoblin hits you.
You die...

#..# g... .# #..# .#
# ## #..# .###. .
#g.### .#.#.# ..g.
.###..#.#.########)#
....... ......g@gg#
#..############.#
.###...............#
.......###########.#
####.......# #.#
#.#####.# .#. ####.#
# #. .....# ##
######


You could see Robin, a hobgoblin (strong) and 2 goblins.

Vanquished Creatures
  An adder (D:2)
  A dart slug (D:1)
  3 bats (D:1)
  4 endoplasms
  2 giant cockroaches (D:1)
  6 goblins
  6 hobgoblins
  5 kobolds
  7 quokkas (D:1)
  A ball python (D:2)
  3 frilled lizards (D:1)
  2 rats (D:1)
41 creatures vanquished.

Notes
Turn   | Place    | Note
-------+----------+-------------------------------------------
     0 | Abyss:1  | javelincjr the Demonspawn Abyssal Knight began the quest
                  | for the Orb.
     0 | Abyss:1  | Reached XP level 1. HP: 18/18 MP: 2/2
    66 | Abyss:3  | Noticed a tentacled starspawn
    89 | Abyss:3  | Noticed a starcursed mass
    89 | Abyss:3  | Noticed a large abomination
    91 | D:1      | Escaped the Abyss
   492 | D:1      | Gained mutation: You have a somewhat thin skeletal
                  | structure. (Dex +2, Stealth+) [demonic ancestry]
   492 | D:1      | Reached XP level 2. HP: 16/24 MP: 3/3
   617 | D:1      | Reached skill level 1 in Dodging
   999 | D:1      | Reached XP level 3. HP: 19/29 MP: 4/4
  1768 | D:2      | Noticed Robin
  1795 | D:2      | Reached *** piety under Lugonu
  1804 | D:2      | Gained mutation: You are agile. (Dex +4, Str/Int -1)
                  | [potion of mutation]
  1804 | D:2      | Gained mutation: You have a pair of small horns on your
                  | head. [potion of mutation]
  1808 | D:2      | Slain by a hobgoblin

Illustrated notes

Levels and vault maps discovered:
D:1:      lemuel_arrival_tunnels, layout_basic, minmay_tetromino_t4
D:2:      layout_loops_ring, uniq_jessica, uniq_robin

Skill      XL: |  1  2 |
---------------+-------+-----
Polearms       | 2 |  2.6
Dodging        | 1 |  1.1
Armour         | 2 |  2.1
Fighting       | |  3.7
Short Blades   | |  0.1
Stealth        | |  0.3
Invocations    | |  2.4

Action                   || total
-------------------------++-------
Melee: Spear             ||    78
       Punch             ||     1
       Short sword       ||    54
Invok: Depart the Abyss  ||     1
  Use: Potion            ||     2
 Stab: Sleeping          ||     4
Armor: Leather armour    ||    24
       Scale mail        ||    22
Dodge: Dodged            ||    73
